Cogmind - Beta 9.3 @@@ ROGUE MODE // 2020.01.03 @ 12:35:40 // Winter2019/RPGLIKE Player: FontPeg Result: Destroyed by G-47 Trooper with Particle Gun Performance ------------- Evolutions (2) 1000 Regions Visited (6) 1200 Robots Destroyed (19) 95 Value Destroyed (479) 479 Prototype IDs (26) 520 Alien Tech Used (0) 0 Bonus (500) 500 TOTAL SCORE: 3794 Bonus ------- Pacifist 200 Aligned with FarCom 300 Cogmind --------- Core Integrity 0/1000 Matter 298/400 Energy 475/475 System Corruption 0% Temperature Cool (9) Movement Core (50) Location -8/Materials Parts ------- > --- POWER (2) -------- Ion Engine Deuterium Engine > --- PROPULSION (2) --- Armored Treads Advanced Treads > --- UTILITY (3) ------ Improved Sensor Array Advanced Signal Interpreter Improved Power Shielding > --- WEAPON (2) ------- Advanced Beam Cannon Improved Assault Rifle > --- INVENTORY (3) ---- Improved ECM Suite Maneuvering Thrusters Heavy Mace Peak State ------------ > --- POWER ------------ Ion Engine Improved Ion Engine > --- PROPULSION ------- VTOL Module > --- UTILITY ---------- Medium Matter Pod Shield Generator Integration Mediator > --- WEAPON ----------- YOLO Cannon > --- INVENTORY -------- Advanced Signal Interpreter Heavy Mace [Rating: 30] Favorites ----------- Power Ion Engine Engine Ion Engine Propulsion VTOL Module Treads Armored Treads Flight Unit VTOL Module Utility Medium Matter Pod Device Integration Mediator Storage Medium Matter Pod Processor Advanced Signal Interpreter Protection Improved Power Shielding Weapon YOLO Cannon Energy Cannon YOLO Cannon Ballistic Gun Improved Assault Rifle Impact Weapon Heavy Mace Build | -11 -10 -9 -9 -9 -8 -8 ------- Run | Scr Mat Mat Min Exi Min Mat Slots Evolved 5 | 2 . . . . 2 1 Power 1 | . . . . . 1 . Propulsion 1 | . . . . . . 1 Utility 2 | 2 . . . . . . Weapon 1 | . . . . . 1 . Parts Attached 21 | 3 1 3 . 1 2 11 Power 4 | 1 . . . . 1 2 Engine 4 | 1 . . . . 1 2 Core . | . . . . . . . Reactor . | . . . . . . . Propulsion 4 | 1 . 1 . . . 2 Treads 3 | 1 . . . . . 2 Leg . | . . . . . . . Wheel . | . . . . . . . Hover . | . . . . . . . Flight 1 | . . 1 . . . . Utility 7 | . 1 1 . 1 . 4 Device 3 | . . 1 . 1 . 1 Storage 1 | . 1 . . . . . Processor 1 | . . . . . . 1 Hackware . | . . . . . . . Protection 2 | . . . . . . 2 Artifact . | . . . . . . . Weapon 6 | 1 . 1 . . 1 3 Energy Gun . | . . . . . . . Energy Cannon 2 | . . . . . 1 1 Ballistic Gun 2 | 1 . . . . . 1 Ballistic Cannon . | . . . . . . . Launcher . | . . . . . . . Special Weapon . | . . . . . . . Impact Weapon 2 | . . 1 . . . 1 Slashing Weapon . | . . . . . . . Piercing Weapon . | . . . . . . . Special Melee Weapon . | . . . . . . . Unidentified Prototypes 3 | . . . . 1 . 2 Parts Lost 4 | . . . . . . 4 Power 1 | . . . . . . 1 Propulsion 1 | . . . . . . 1 Utility 1 | . . . . . . 1 Weapon 1 | . . . . . . 1 Highest Loss Streak 4 | . . . . . . 4 Average Slot Usage (%) 79 | . 62 81 83 85 82 72 Engine 15 | . 16 16 16 16 20 9 Treads 3 | . 16 1 . . . 8 Flight 9 | . . 14 16 16 12 2 Device 18 | . . 14 16 18 25 16 Storage 10 | . 12 16 16 16 12 2 Processor 2 | . . . . . . 8 Protection 1 | . . . . . . 5 Energy Cannon 6 | . . . . . 12 9 Ballistic Gun 3 | . 16 7 . . . 8 Impact Weapon 5 | . . 8 16 16 . 1 Naked Turns . | . . . . . . . Heaviest Build 36 | 7 9 12 12 14 36 31 Greatest Support 33 | 23 23 25 25 25 25 33 Greatest Overweight (x) 1 | . . . . . 1 1 Average Overweight (x) . | . . . . . . . Largest Inventory Capacity 3 | 1 1 2 2 2 2 3 Average Capacity 2 | 1 1 1 2 2 2 2 Most Carried 3 | 1 1 2 2 2 2 3 Average Carried 2 | . 1 1 2 1 1 2 Final Capacity 3 | 1 1 2 2 2 2 3 Final Carried 3 | 1 1 2 2 2 2 3 Class Distribution -------------------- 76% | Mutant 23% | Scout Dominant Class ---------------- Mutant | -10/Materials Mutant | -9/Materials Mutant | -9/Mines Mutant | -9/Exiles Mutant | -8/Mines Scout | -8/Materials Resources | -11 -10 -9 -9 -9 -8 -8 ----------- Run | Scr Mat Mat Min Exi Min Mat Matter Collected 530 | 262 . 58 . . 115 95 Remotely . | . . . . . . . Salvage Created 403 | . . 58 . . 225 120 Parts 27 | . . 3 . . 13 11 Haulers Intercepted 1 | . . . . . . 1 Recyclers Shooed 1 | . . . . . 1 . Parts Field Recycled . | . . . . . . . Retrieved Matter . | . . . . . . . Parts Self-Destructed . | . . . . . . . Prevented . | . . . . . . . Kills | -11 -10 -9 -9 -9 -8 -8 ------- Run | Scr Mat Mat Min Exi Min Mat Combat Hostiles Destroyed 13 | . . 1 . . 9 3 Melee 1 | . . 1 . . . . Guns 1 | . . . . . . 1 Cannons 3 | . . . . . 2 1 AOE 8 | . . . . . 7 1 Classes Destroyed 6 | . . 1 . . 3 2 Worker 2 | . . . . . 2 . Hauler 1 | . . . . . . 1 Recycler 1 | . . . . . 1 . Watcher 2 | . . . . . . 2 Swarmer 6 | . . . . . 6 . Grunt 7 | . . 1 . . 3 3 Best Kill Streak 4 | . . 1 . . 4 3 Combat Bots Only 3 | . . 1 . . 3 1 Max Kills in Single Turn 4 | . . 1 . . 4 1 Gunslinging . | . . . . . . . Exploded 3 | . . . . . 3 1 Melee 1 | . . 1 . . . . Uniques/NPCs Destroyed . | . . . . . . . Combat | -11 -10 -9 -9 -9 -8 -8 -------- Run | Scr Mat Mat Min Exi Min Mat Damage Taken 1170 | . 134 532 . . 219 285 Core 971 | . 107 451 . . 181 232 Absorbed by Shields 103 | . . . . . 78 25 Redirected to Core 676 | . 83 277 . . 129 187 Core Remaining (%) 71 | 100 86 . . . 29 . Volleys Fired 38 | . . . . . 14 24 Largest 2 | . . . . . 1 2 Hottest 100 | . . . . . 100 100 Shots Fired 47 | . . . . . 14 33 Gun 20 | . . . . . . 20 Cannon 27 | . . . . . 14 13 Launcher . | . . . . . . . Special . | . . . . . . . Kinetic 20 | . . . . . . 20 Thermal 27 | . . . . . 14 13 Explosive . | . . . . . . . Electromagnetic . | . . . . . . . Robot Hit Streak 6 | . . . . . 2 6 Robot Miss Streak 3 | . . . . . 2 3 Penetration Max . | . . . . . . . Secondary Targets . | . . . . . . . Shots Hit Robots 32 | . . 7 . . 5 20 Core Hits 23 | . . 1 . . 13 9 Critical Hits 3 | . . . . . . 3 Critical Kills 1 | . . . . . . 1 Critical Parts Destroyed 2 | . . . . . . 2 Melee Attacks 11 | . . 10 . . . 1 Impact 11 | . . 10 . . . 1 Slashing . | . . . . . . . Piercing . | . . . . . . . Sneak Attacks . | . . . . . . . Combat Hostiles . | . . . . . . . Follow-up Attacks . | . . . . . . . Damage Inflicted 2342 | . 23 210 . . 1403 706 Guns 187 | . . . . . . 187 Cannons 767 | . . . . . 500 267 Explosions 1116 | . . . . . 896 220 Melee 232 | . . 210 . . . 22 Ramming 40 | . 23 . . . 7 10 Kinetic 187 | . . . . . . 187 Thermal 1883 | . . . . . 1396 487 Explosive . | . . . . . . . Electromagnetic . | . . . . . . . Impact 232 | . . 210 . . . 22 Slashing . | . . . . . . . Piercing . | . . . . . . . Highest Corruption . | . . . . . . . Average Corruption . | . . . . . . . Corruption Purged . | . . . . . . . Overload Shots . | . . . . . . . Overflow Damage 266 | . . . . . 263 3 Projectiles 160 | . . . . . 160 . Explosions 106 | . . . . . 103 3 Melee . | . . . . . . . Knockbacks 2 | . . 2 . . . . Impact 2 | . . 2 . . . . Kinetic . | . . . . . . . Secondary . | . . . . . . . Self-Inflicted Damage 259 | . 11 . . . 166 82 Shots 4 | . . . . . 3 1 Rammed 4 | . 2 . . . 1 1 Targets Rammed 4 | . 2 . . . 1 1 Kicked . | . . . . . . . Crushed . | . . . . . . . Highest Temperature 16 | . . . . . 2 16 Average Temperature 7 | . . . . . 1 13 Received Heat Transfer 399 | . 42 234 . . 36 87 Siege Activations . | . . . . . . . Robots Corrupted . | . . . . . . . Combat Hostiles . | . . . . . . . Parts Fried 4 | . . . . . . 4 Impact Corruptions 1 | . . . . . . 1 Robots Melted . | . . . . . . . Combat Hostiles . | . . . . . . . Parts Melted 1 | . . . . . 1 . Heat Transferred 2039 | . . . . . 1460 579 Parts Sabotaged . | . . . . . . . Parts Stolen . | . . . . . . . Parts Stripped . | . . . . . . . Power Chain Reactions . | . . . . . . . Missiles Intercepted . | . . . . . . . Alert | -11 -10 -9 -9 -9 -8 -8 ------- Run | Scr Mat Mat Min Exi Min Mat Peak Influence 420 | . 48 70 27 . 420 273 Average Influence 183 | . 25 44 27 . 243 187 Maximum Alert Level 2 | . . . . . 2 1 Low Security (%) 59 | 100 100 100 100 . 45 57 Level 1 28 | . . . . . 28 42 Level 2 11 | . . . . . 26 . Level 3 . | . . . . . . . Level 4 . | . . . . . . . Level 5 . | . . . . . . . High Security . | . . . . . . . Max Security . | . . . . . . . Squads Dispatched 4 | . 2 1 . . . 1 Investigation 2 | . 1 . . . . 1 Extermination . | . . . . . . . Reinforcement 2 | . 1 1 . . . . Assault . | . . . . . . . Garrison . | . . . . . . . Intercept . | . . . . . . . Construction Impeded . | . . . . . . . Haulers Reinforced . | . . . . . . . Stealth | -11 -10 -9 -9 -9 -8 -8 --------- Run | Scr Mat Mat Min Exi Min Mat Distress Signals 3 | . 1 1 . . . 1 Communications Jammed . | . . . . . . . Distress Signals . | . . . . . . . Times Spotted 36 | . 11 8 . . 5 12 Peak Tracking Total 9 | . 9 7 . . 3 4 Tactical Retreats 4 | . 2 . . . . 2 Traps | -11 -10 -9 -9 -9 -8 -8 ------- Run | Scr Mat Mat Min Exi Min Mat Traps Triggered . | . . . . . . . Indirectly . | . . . . . . . Trap Hack Attempts . | . . . . . . . Triggered . | . . . . . . . Disarmed 1 | . 1 . . . . . Reprogrammed . | . . . . . . . Reused . | . . . . . . . Traps Extracted . | . . . . . . . Installed . | . . . . . . . Triggered . | . . . . . . . Machines | -11 -10 -9 -9 -9 -8 -8 ---------- Run | Scr Mat Mat Min Exi Min Mat Machines Disabled 4 | . . . . . 4 . Max in Single Turn 2 | . . . . . 2 . Machines Sabotaged . | . . . . . . . Garrisons Compromised . | . . . . . . . Overloaded Fab Kills . | . . . . . . . Fab Network Shutdowns . | . . . . . . . Hacking | -11 -10 -9 -9 -9 -8 -8 --------- Run | Scr Mat Mat Min Exi Min Mat Machines Accessed 12 | . 2 . . 5 1 4 Terminals 6 | . 2 . . . 1 3 Fabricators . | . . . . . . . Repair Stations . | . . . . . . . Recycling Units 1 | . . . . . . 1 Scanalyzers . | . . . . . . . Garrison Access . | . . . . . . . Total Hacks 74 | . 9 . . 49 4 12 Successful 65 | . 4 . . 49 3 9 Failed 9 | . 5 . . . 1 3 Catastrophic 2 | . . . . . . 2 Database Lockouts . | . . . . . . . Manual 22 | . 6 1 . 2 5 8 Terminals 22 | . 9 . . . 4 9 Fabricators . | . . . . . . . Repair Stations . | . . . . . . . Recycling Units 3 | . . . . . . 3 Scanalyzers . | . . . . . . . Garrison Access . | . . . . . . . Terminal Hacks 53 | . 3 . . 49 . 1 Record 48 | . . . . 48 . . Prototype ID Bank 1 | . . . . . . 1 Level Access Points 1 | . 1 . . . . . Disarm Traps 1 | . 1 . . . . . Zone Layout 1 | . 1 . . . . . EX-Prototype ID Bank 1 | . . . . 1 . . Fabricator Hacks . | . . . . . . . Repair Station Hacks . | . . . . . . . Recycling Unit Hacks 2 | . . . . . . 2 Report Inventory 1 | . . . . . . 1 Retrieve Matter 1 | . . . . . . 1 Scanalyzer . | . . . . . . . Garrison Access Hacks . | . . . . . . . Unauthorized Hacks 26 | . 7 . . . 7 12 Terminals 9 | . 1 . . . 3 5 Track 2 | . . . . . 1 1 Assimilate 1 | . . . . . . 1 Botnet 4 | . 1 . . . 1 2 Operators 2 | . . . . . 1 1 Fabricators . | . . . . . . . Repair Stations . | . . . . . . . Recycling Units 1 | . . . . . . 1 Mask 1 | . . . . . . 1 Scanalyzers . | . . . . . . . Garrison Access . | . . . . . . . Data Cores Recovered . | . . . . . . . Used . | . . . . . . . Hacking Detections 6 | . 2 . . . . 4 Full Trace Events 3 | . 2 . . . . 1 Feedback Events . | . . . . . . . Feedback Blocked . | . . . . . . . Robot Schematics Acquired . | . . . . . . . Robots Built . | . . . . . . . Matter . | . . . . . . . Time . | . . . . . . . Total Robot Build Rating . | . . . . . . . Part Schematics Acquired . | . . . . . . . Parts Built . | . . . . . . . Matter . | . . . . . . . Time . | . . . . . . . Total Part Build Rating . | . . . . . . . Parts Repaired . | . . . . . . . Time . | . . . . . . . Parts Recycled . | . . . . . . . Recycled Matter . | . . . . . . . Retrieved Matter . | . . . . . . . Retrieved Components . | . . . . . . . Parts Scanalyzed . | . . . . . . . Part Schematics Acquired . | . . . . . . . Parts Damaged . | . . . . . . . Bothacking | -11 -10 -9 -9 -9 -8 -8 ------------ Run | Scr Mat Mat Min Exi Min Mat Used RIF Installer . | . . . . . . . Robots Hacked . | . . . . . . . Non-combat . | . . . . . . . Combat . | . . . . . . . Robot Hacks Applied . | . . . . . . . Relay Couplers Released . | . . . . . . . Robots Rewired . | . . . . . . . Allies Hacked . | . . . . . . . Hacks Repelled . | . . . . . . . Allies | -11 -10 -9 -9 -9 -8 -8 -------- Run | Scr Mat Mat Min Exi Min Mat Total Allies . | . . . . . . . Largest Group . | . . . . . . . Highest-Rated Group . | . . . . . . . Highest-Rated Ally . | . . . . . . . Total Orders . | . . . . . . . Ally Attacks . | . . . . . . . Total Damage . | . . . . . . . Kills . | . . . . . . . Allies Corrupted . | . . . . . . . Allies Melted . | . . . . . . . Intel | -11 -10 -9 -9 -9 -8 -8 ------- Run | Scr Mat Mat Min Exi Min Mat Robot Analysis Total . | . . . . . . . Derelict Logs Recovered . | . . . . . . . Drone Launches . | . . . . . . . Drone Recoveries . | . . . . . . . Exploration | -11 -10 -9 -9 -9 -8 -8 ------------- Run | Scr Mat Mat Min Exi Min Mat Turns Passed 1327 | 25 48 92 15 341 436 370 Spaces Moved 1970 | 37 89 130 38 845 370 461 Core 953 | 37 89 10 . . 356 461 Treads . | . . . . . . . Legs . | . . . . . . . Wheels . | . . . . . . . Hover . | . . . . . . . Flight 1017 | . . 120 38 845 14 . Fastest Speed 40 | 50 50 40 40 40 40 50 Average Speed 55 | 50 50 40 40 40 100 53 Slowest Speed 120 | 50 50 50 40 40 120 100 Overloaded Moves . | . . . . . . . Propulsion Burnouts . | . . . . . . . Robots Hopped 1 | . . 1 . . . . Cave-ins Triggered . | . . . . . . . Time Travels 1 | . . . . 1 . . Exploration Rate (%) 34 | 3 18 15 10 94 53 45 Regions Visited 6 Branch Regions 3 Pre-discovered Areas 1 | . . . . 1 . . Known Exits Taken 1 | . 1 . . . . . Unknown Exits Taken 5 | 1 . 1 1 1 1 . Scrap Searched 1 | . . . . . 1 . Spaces Dug 88 | . . . . . 88 . Terrain Destroyed 237 | . . . . . 187 50 Melee . | . . . . . . . Projectile 11 | . . . . . 9 2 AOE 226 | . . . . . 178 48 Actions | -11 -10 -9 -9 -9 -8 -8 --------- Run | Scr Mat Mat Min Exi Min Mat Total 2098 | 42 91 147 37 847 393 541 Wait 33 | . . 2 . . 1 30 Move 1962 | 36 88 127 37 844 369 461 Hop 1 | . . 1 . . . . Pick Up 12 | 3 . 1 . 1 2 5 Fast Attach 13 | 1 1 3 . . 1 7 Attach 6 | 2 . . . 1 1 2 Detach 1 | . . 1 . . . . Swap 2 | . . . . . . 2 Drop 9 | . . 2 . 1 2 4 Fire 38 | . . . . . 14 24 Melee 11 | . . 10 . . . 1 Ram 4 | . 2 . . . 1 1 Kick . | . . . . . . . Crush . | . . . . . . . Escape Stasis . | . . . . . . . Rewire . | . . . . . . . Trap . | . . . . . . . Miscellaneous 6 | . . . . . 2 4 Route ------- -11/Scrapyard -10/Materials (discovered 3 exits: *Mat x3) -9/Materials -9/Mines -9/Exiles (discovered 2 exits: *Min x2) -8/Mines -8/Materials History --------- Turn | Location | Event 1 | -11/Scrapyard | Upgraded with Utility slot (x2) 7 | -11/Scrapyard | Discovered new exit (range 16) 26 | -11/Scrapyard | Entered Materials 33 | -10/Materials | Identified exit to Materials 74 | -10/Materials | Entered another Materials area 76 | -9/Materials | Reached level 2 122 | -9/Materials | Discovered new exit (range 6) 161 | -9/Materials | Core integrity fell below 50% 166 | -9/Materials | Entered Mines 179 | -9/Mines | Deemed a non-threat by the Exiles lab entrance 180 | -9/Mines | Discovered new exit (range 5) 181 | -9/Mines | Entered Exiles 187 | -9/Exiles | Discovered new exit (range 17) 191 | -9/Exiles | Met 8R-AWN 198 | -9/Exiles | Met EX-HEX 212 | -9/Exiles | Met EX-DEC 229 | -9/Exiles | Visited The Gauntlet 291 | -9/Exiles | Discovered new exit (range 17) 310 | -9/Exiles | Build established: Mutant 323 | -9/Exiles | Met EX-BIN 395 | -9/Exiles | Learned location of Zion (-6) 466 | -9/Exiles | Aligned with FarCom system 466 | -9/Exiles | Given EX-Vault access code 477 | -9/Exiles | Opened EX-Vault 479 | -9/Exiles | Found Prototype Device 479 | -9/Exiles | Identified Chronowheel 479 | -9/Exiles | Activated Chronowheel 479 | -9/Exiles | Spacetime reconverged on an earlier point 484 | -9/Exiles | Found YOLO Cannon 493 | -9/Exiles | Warned to stay clear of 0b10 Research branches 522 | -9/Exiles | Left Exiles lab with YOLO Cannon 522 | -9/Exiles | Entered Mines 524 | -8/Mines | Reached level 3 524 | -8/Mines | Upgraded with Power slot (x1) 524 | -8/Mines | Upgraded with Weapon slot (x1) 539 | -8/Mines | Discovered new exit (range 9) 958 | -8/Mines | Entered Materials 959 | -8/Materials | Core integrity fell below 50% 960 | -8/Materials | Reached level 4 972 | -8/Materials | Upgraded with Propulsion slot (x1) 988 | -8/Materials | Reached level 5 1023 | -8/Materials | Core integrity fell below 20% 1053 | -8/Materials | Lost 4 parts (1p1n1u1w) 1323 | -8/Materials | Build established: Scout 1328 | -8/Materials | Destroyed by G-47 Trooper with Particle Gun Last Messages --------------- >>Trojan(Mask) Trojan loaded successfully. Testing... Masking routine running. >>Recycling(Report) Matter reserves: 0 Inventory: Empty 01224_ K-01 Serf cleans the Purification Channel. 01235_ K-01 Serf collects debris. 01243_ W-25 Informer suffers critical hit. 01243_ Destroyed Lgt. Deuterium Engine. 01258_ Slammed into K-01 Serf. 01258_ Destabilizing: System interference. 01258_ Adv. Beam Cannon temporarily disabled. 01264_ Acquired Deuterium Engine. 01298_ T-07 Excavator is excavating. 01327_ U-05 Engineer destroyed. 01327_ G-47 Trooper suffers critical hit. 01327_ G-47 Trooper destroyed. [Achievement: This Is Interesting...] Map ----- +----------------------------------------------------+ | | | | | | | | | | | | | | | | | | | | | | | | | | | | | | | | | ??????????????????#####################??????????? | | ??????????????????# ! # """ ??????????? | | ??????????????????# ! # """ ??????????? | | ??????????????????# # """???????????? | | ??????????????????? ? ???????##### | | ????????????????????? ???? ????????# | | ??????????????????????? ?????? ????????# | | ???????????????????????##+#########+########## "" | | ?????################### + "" | | u g[%= @ ######## ######## # "" | | ?????######### ######### #??????# ?????# # | | ????##???????# #???????# #??????# t##????# ##### | | ???? ?????# #???????# #??????####?????# #???? | | ?????"" ""??## ##??##### #???????????????# #???? | | ?????"" """ # # # #???????????????#+#???? | | ?????"" """ + + ] !#! #?????????????????????? | | ??# # # #%! #?????????????????????? | | ??# [ ??# k + """ # #?????????????????????? | | ??# ????# # """ # +?????????????????????? | | ??# ??????# #??"" # #?????????????????????? | | ??##????????# #????### #?????????????????????? | | ????????????# #??????# #?????????????l???????? | | ????????????# #??????# #?????????????????????? | | ????????????# #??????# #?????????????????????? | | ????????????+ #??????# #?????????????????????? | | ????????????# #??????? ????w?????????????????? | | ????????????# #??????? ??????????????????????? | | ???????????## ##???????????????????????????????? | | ???????????# #######Y #?????????????????????? | | ?########### ?????????????????? | | ## ?????????????????? | | # ######### T ?????????????????? | | # #???????# ## ###???????????????????? | | + #???????#######? #?????????????????????? | +----------------------------------------------------+ Best States ------------- Heat Dissipation 55 Energy Generation 19 Energy Capacity 475 Matter Stores 500 Matter Capacity 500 Sight Range 18 Robot Scan Range 19 Terrain Scan Density 10 Power Shielding 66 Evasion (%) 62 Item Schematics ----------------- None Robot Schematics ------------------ None Fabricated ------------ Nothing Alien Tech Used ----------------- None Achievements -------------- This Is Interesting... Challenges ------------ None RPGLIKE | -11 -10 -9 -9 -9 -8 -8 --------- Run | Scr Mat Mat Min Exi Min Mat Levels Raised 4 | . . 1 . . 1 2 XP Earned 9405 | 3000 140 1600 500 350 1880 1935 XP Spent 8980 | 2910 . 1590 . . 1500 2980 Upgrades 36 | 12 . 9 . . 8 7 Power Slot 1 | . . . . . 1 . Propulsion Slot 1 | . . . . . . 1 Utility Slot 2 | 2 . . . . . . Weapon Slot 1 | . . . . . 1 . Core Integrity 8 | 4 . 2 . . 2 . Heat Dissipation 5 | . . . . . 4 1 Energy Storage 1 | . . 1 . . . . Matter Storage 2 | 1 . 1 . . . . Mass Support 6 | 4 . . . . . 2 Inventory Capacity 3 | 1 . 1 . . . 1 Sight Range 2 | . . 2 . . . . Sensor Range 3 | . . 2 . . . 1 Ranged Accuracy 1 | . . . . . . 1 Protomatter Created 159 | . . . . . 41 118 Integrity Restored 105 | . . . . . 30 75 Core 105 | . . . . . 30 75 Protomatter Decayed 42 | . . . . . . 42 Game ------ Seed CompactSpreadReconfigurator Manual? 0 Play Time 00:36:32 Cumulative 38.2 hours Start 2020.01.03 @ 11:56:32 End 2020.01.03 @ 12:35:40 Sessions 1 Manual Loads 0 Difficulty Rogue Special Mode Winter2019/RPGLIKE Game No. 57 Rogue 57 Adventurer 0 Explorer 0 Win Type - Total 0 Types 0/0/0/0/0/0/0 Lore% 25 Gallery% 36 Achievement% 23 Wizard Run 0 Options --------- ASCII 0 Keyboard 0 Movement Mouse Keybinds 0 Fullscreen 1 Font 18/X11 Map View 76x50 Tactical HUD 1 Map Filters NONE Filters NONE Steam 1 RUN: e94ee4dd-1802-4af6-889b-c4e43c4ae3ee